Kradschützen Motorcycle Team
Construct Light Support Kompanie
Selects Armored Support Battlegroup
Panzerjäger Mechanized Group
Pak 38 Anti-tank Gun Team
Construct Panzerarmee Kommand
Selects Stuka Anti-tank Loiter
Selects Stuka Anti-tank Loiter
Selects Flammpanzer III Medium Tank
Walking Stuka Rocket Launcher
Flammpanzer III Medium Tank
Selects Command Panzer IV F Medium Tank
Command Panzer IV F Medium Tank